 Dungeon Crawl Stone Soup version 0.32-a0-913-g739538afd8 (webtiles) character file.

Game seed: 1989872874838642932

124193 Mgcat the Ripper (level 16, -1/93 HPs)
             Began as a Felid Berserker on Apr 5, 2024.
             Was a High Priest of Trog.
             Slain by a guardian serpent (14 damage)
             ... on level 2 of the Snake Pit on Apr 9, 2024.
             The game lasted 01:08:36 (28077 turns).

Mgcat the Ripper (Felid Berserker)                 Turns: 28077, Time: 01:08:37

Health: -1/93      AC:  3    Str: 19    XL:     16   Next: 38%
Magic:  26/26      EV: 28    Int: 13    God:    Trog [*****.]
Gold:   1873       SH:  0    Dex: 18    Spells: 15/15 levels left
                                        Lives:  0   Deaths: 2

rFire   . .          .
                       - Unarmed
rCold   + . .        (shield unavailable)
rNeg    . . .        (body armour unavailable)
rPois   .            (helmet unavailable)
rElec   +            (cloak unavailable)
rCorr   +            (gloves unavailable)
SInv    +            (boots unavailable)
Will    ++...        H - amulet of Xepecsin {rElec Regen+ rCorr MP+9 Dex+2}
Stlth   +++++++      d - +5 ring of evasion
HPRegen 1.15/turn    B - +5 ring of evasion
MPRegen 0.20/turn

%: no passive effects
@: lethally poisoned (-1 -> -4), constricted
A: very small, claws 1, fangs 3, see invisible, shaggy fur 3, stealthy paws, no
weapons or thrown items, no armour, multi-lived
a: Renounce Religion, Berserk, Trog's Hand, Brothers in Arms


You were on level 2 of the Snake Pit.
You worshipped Trog.
Trog was extremely pleased with you.
You visited 4 branches of the dungeon, and saw 24 of its levels.
You also visited: Sewer.

You collected 2672 gold pieces.
You spent 799 gold pieces at shops.

Inventory:

Jewellery
 d - a +5 ring of evasion (left paw)
   (You found it on level 5 of the Lair of Beasts)
 f - a +6 ring of dexterity
   (You found it on level 12 of the Dungeon)
 m - a ring of willpower
   (You found it on level 2 of the Dungeon)
 r - a ring of protection from fire {rF+, !d}
   (You found it on level 5 of the Lair of Beasts)
 B - a +5 ring of evasion (right paw)
   (You found it on level 3 of the Lair of Beasts)
 E - a ring of protection from cold {rC+, !d}
   (You found it on level 10 of the Dungeon)
 H - the amulet of Xepecsin (around neck) {rElec Regen+ rCorr MP+9 Dex+2}
   (You bought it in a shop on level 2 of the Orcish Mines)

   [amulet of regeneration]

   Dex+2:     It affects your dexterity (+2).
   rElec:     It insulates you from electricity.
   MP+9:      It affects your magic capacity (+9).
   Regen+:    It increases your rate of health regeneration.
   rCorr:     It protects you from acid and corrosion.
Talismans
 p - a serpent talisman
   (You found it on level 2 of the Dungeon)
 q - a serpent talisman
   (You found it in a sewer)
 D - a storm talisman
   (You found it on level 10 of the Dungeon)
 M - a blade talisman
   (You found it on level 1 of the Snake Pit)
Wands
 a - a wand of paralysis (22)
   (You found it on level 12 of the Dungeon)
 c - a wand of polymorph (5)
   (You found it on level 8 of the Dungeon)
 s - a wand of roots (21)
   (You found it in a sewer)
 x - a wand of quicksilver (7)
   (You found it on level 9 of the Dungeon)
 C - a wand of flame (4)
   (You took it off a kobold brigand on level 10 of the Dungeon)
 K - a wand of mindburst (9)
   (You found it on level 15 of the Dungeon)
Scrolls
 e - 6 scrolls of teleportation
 v - a scroll of blinking {!r}
 w - 4 scrolls of revelation
 A - 3 scrolls of identify
 G - a scroll of fog
 L - a scroll of noise {unknown}
Potions
 b - 6 potions of brilliance
 g - 5 potions of lignification {!q}
 h - 2 potions of mutation {!q}
 i - 2 potions of ambrosia
 j - 2 potions of resistance
 k - 7 potions of curing
 l - 2 potions of berserk rage {!q}
 n - 3 potions of degeneration {!q}
 o - a potion of haste
 t - 3 potions of might
 u - 2 potions of magic
 z - 3 potions of attraction {!q}
 J - a potion of cancellation
Miscellaneous
 y - a lightning rod (4/4)
   (You found it on level 9 of the Dungeon)
 F - a condenser vane
   (You found it on level 3 of the Lair of Beasts)
 I - a Gell's gravitambourine (2/2)
   (You found it on level 12 of the Dungeon)


   Skills:
 + Level 14.3 Fighting
 + Level 15.9 Dodging
 + Level 16.4 Stealth
 * Level 19.5 Unarmed Combat
 + Level 8.6 Evocations


You had 15 spell levels left.
You didn't know any spells.
Your spell library was empty.

Dungeon Overview and Level Annotations

Branches:
Dungeon (15/15)            Temple (0/1) D:4            Lair (5/5) D:9
  Swamp (0/4) Lair:2        Snake (2/4) Lair:2        Slime (0/5) Lair:5
    Orc (2/2) D:11            Elf (0/3) Orc:2        Vaults (0/5) D:14
 Depths (0/4) D:15          Sewer (visited)

Altars:
Cheibriados
Elyvilon
Makhleb
Nemelex Xobeh
Okawaru
Ru
Sif Muna
Trog
Uskayaw
Vehumet
Wu Jian
Xom
Zin
The Shining One
Jiyva

Shops:
D:1 [   D:9 (   D:11 [   Orc:2 [=:(   Snake:2 :

Annotations:
D:4 exclusion: goblin, Grinder
D:9 exclusion: 2 doors, Erolcha, Grum
D:15 Azrael
Lair:4 exclusion: hydra
Snake:1 1 runed translucent door
Snake:2 5 runed translucent doors


Innate Abilities, Weirdness & Mutations

You have sharp claws.
You have razor-sharp teeth.
You have supernaturally acute eyesight. (SInv)
Your thick and shaggy fur keeps you warm. (AC +3, rC+)
Your paws help you pounce on unaware monsters.
You are incapable of wielding weapons or throwing items.
You cannot wear armour.
You gain extra lives every three experience levels.


Message History

Unknown command.
A naga comes into view.
It is wielding a +0 dire flail and carrying a wand of polymorph.
You see here a scroll of poison {!r}.
Your troll looks more healthy.
The naga completely misses you. The naga closely misses you.
Spoiler Alert: The guardian serpent (wandering) can blink allies encircling you!
The guardian serpent shouts!
You claw the naga! Your claw misses the naga.
The naga is heavily wounded.
The naga completely misses you.
Spoiler Alert: The guardian serpent can blink allies encircling you!
You scratch the naga.
The naga is heavily wounded.
Your troll bites the naga!!
The naga dies!
Trog accepts your kill.
The guardian serpent coils itself and waves its upper body at you.
Your troll rages.
Items here: $ ) / †.
Warning x3: The guardian serpent (ally target) can blink allies encircling you!
The naga warrior can constrict you and hit for high damage in melee, and spits poison! x2
There are monsters nearby!
Lua error: [string "/dgldir/rcfiles/crawl-git/Mgcat.rc"]:930: invalid capture index The naga warrior blocks your attack.
You bite the naga warrior.
The naga warrior is lightly wounded.
The naga warrior closely misses you. The naga warrior barely misses you.
The naga warrior spits poison at you. The splash of poison misses you.
The splash of poison hits the naga.
The naga completely resists.
Warning x3: The guardian serpent (ally target) can blink allies encircling you!
The naga warrior can constrict you and hit for high damage in melee, and spits poison! x2
You mangle the naga warrior!! The naga warrior blocks your attack.
The naga warrior is heavily wounded.
The naga spits poison at you. The splash of poison misses you.
The splash of poison misses the naga warrior.
Your troll bites the guardian serpent!
Your troll claws the guardian serpent but does no damage.
Your troll claws the guardian serpent.
Warning x3: The guardian serpent (ally target) can blink allies encircling you!
The naga warrior can constrict you and hit for high damage in melee, and spits poison! x2
The naga warrior blocks your attack.
The naga warrior is heavily wounded.
The naga warrior roars a battlecry!
The nagas go into a battle-frenzy!
The naga warrior spits poison at you. The splash of poison hits you.
You are poisoned.
You take 5 damage, and have 88/93 hp.
Warning x3: The guardian serpent (ally target) can blink allies encircling you!
The naga warrior (strong, catching breath) can constrict you and hit for high damage in melee, and spits poison!
The naga warrior can constrict you and hit for high damage in melee, and spits poison!
The naga warrior blocks your attack.
The naga warrior is heavily wounded.
You feel very sick. The naga misses you. The naga completely misses you.
The naga warrior barely misses you. The naga warrior grabs you.
The naga warrior constricts you!
The naga warrior hits you with a +0 halberd!!
Your troll bites the naga!!
Your troll closely misses the naga.
Your troll barely misses the naga.
You take 38 damage, and have 50/93 hp.
MASSIVE DAMAGE!!
Warning x3: The guardian serpent (ally target) can blink allies encircling you!
The naga warrior (strong, catching breath) can constrict you and hit for high damage in melee, and spits poison!
The naga warrior can constrict you and hit for high damage in melee, and spits poison!
You are too injured to fight recklessly!
Lua error: [string "/dgldir/rcfiles/crawl-git/Mgcat.rc"]:930: invalid capture index You are too injured to fight recklessly!
Lua error: [string "/dgldir/rcfiles/crawl-git/Mgcat.rc"]:930: invalid capture index You are too injured to fight recklessly!
Lua error: [string "/dgldir/rcfiles/crawl-git/Mgcat.rc"]:930: invalid capture index You scratch the naga but do no damage.
You claw the naga, but do no damage.
The naga is severely wounded.
You feel very sick. The guardian serpent misses you.
The naga completely misses you.
Your troll bites the naga!!
The naga dies!
Trog accepts your kill.
You take 2 damage, and have 48/93 hp.
Warning x3: The guardian serpent (ally target) can blink allies encircling you!
The naga warrior (strong, catching breath) can constrict you and hit for high damage in melee, and spits poison!
The naga warrior can constrict you and hit for high damage in melee, and spits poison!
You scratch the guardian serpent but do no damage.
The guardian serpent is moderately wounded.
You feel sick. The guardian serpent misses you.
The naga warrior hits you with a +0 hand axe!
The naga warrior constricts you!
* * * LOW HITPOINT WARNING * * *
The naga warrior misses you.
You take 23 damage, and have 25/93 hp.
MASSIVE DAMAGE!!
Lua error: [string "/dgldir/rcfiles/crawl-git/Mgcat.rc"]:930: invalid capture index You scratch the guardian serpent.
You claw the guardian serpent, but do no damage.
The guardian serpent is moderately wounded.
You feel sick.
The guardian serpent closely misses you.
The naga warrior completely misses you. The naga warrior constricts you!
* * * LOW HITPOINT WARNING * * *
You take 11 damage, and have 14/93 hp.
Warning x3: The guardian serpent (ally target) can blink allies encircling you!
The naga warrior (strong, catching breath) can constrict you and hit for high damage in melee, and spits poison!
The naga warrior can constrict you and hit for high damage in melee, and spits poison!
You claw the guardian serpent!
The guardian serpent is heavily wounded.
You feel sick.
Your troll bites the guardian serpent.
Your troll closely misses the guardian serpent.
Your troll barely misses the guardian serpent.
The naga warrior roars a battlecry!
The naga warrior goes into a battle-frenzy!
The guardian serpent hits you!
You die...

.. #...#...# ...
####.###.#### ....
######.#.......#.#
#...#
##).......⌠.∩.⌠..))
#..##.)####.#.....).#.#
#...)## ####.###.####
##...#####.#...#...#..
##.T.##...#..###..#.:
##S@.....#..# #..##.
#.NN...##.## ##.###
##..?.###.# #.#
##.....###.# ##.#
###..........# #..#
........###### #..#
........# #..#
##.).....# ##†#
#.......## #.T#


You could see 2 naga warriors, a guardian serpent (ally target) and a friendly
troll (summoned, berserk).

Vanquished Creatures
  Nessos (D:13)
  2 ettins
  9 hydras
  An ice dragon (Lair:5)
  3 catoblepae
  A death knight (D:12)
  5 anacondas
  4 centaur warriors
  A boulder beetle (D:13)
  6 two-headed ogres
  8 death yaks
  3 tengu warriors
  4 naga warriors
  3 naga sharpshooters (Snake:2)
  A demonic crawler (Lair:5)
  4 skeletal warriors (D:12)
  A skyshark (Lair:3)
  2 sea snakes (Snake:1)
  A deep troll (D:15)
  A flayed ghost (D:12)
  7 mana vipers
  A naga ritualist (Snake:1)
  A bog body (Lair:2)
  Pikel (D:9)
  2 orc knights
  A wolf spider (Lair:5)
  2 lindwurms
  A necromancer (D:15)
  14 ugly things
  Maurice (D:12)
  6 salamanders
  5 manticores
  2 cyclopes
  26 elephants
  A guardian serpent (Lair:5)
  25 black mambas
  4 kobold blastminers (Orc:2)
  6 naga magi
  5 torpor snails (Lair:5)
  10 cane toads
  2 unseen horrors
  6 rime drakes
  3 efreet
  A kobold demonologist (D:12)
  12 komodo dragons
  An anaconda simulacrum (Lair:4)
  An ice devil (Lair:4)
  5 trolls
  3 polar bears
  4 tyrant leeches (Lair:5)
  7 hornets (Lair:5)
  4 dream sheep
  A wind drake (shapeshifter) (D:15)
  22 blink frogs
  A raiju (shapeshifter) (D:15)
  5 slime creatures
  Sigmund (D:6)
  46 yaks
  A vampire (D:12)
  A water elemental (D:14)
  3 wraiths
  5 basilisks
  14 wyverns
  3 fire elementals (D:15)
  2 steam dragons
  2 redbacks (Lair:5)
  Menkaure (D:4)
  21 nagas
  10 vampire mosquitoes
  3 acid dragons
  2 death yak simulacra (Lair:4)
  3 swamp worms (Lair:5)
  27 water moccasins
  An acid dragon (shapeshifter) (D:15)
  32 orc warriors
  4 black bears
  A sky beast (D:8)
  A crocodile (Sewer)
  4 ogres
  16 wolves
  12 centaurs
  4 lemures (D:9)
  6 kobold brigands
  15 bullfrogs
  A gnoll sergeant (D:8)
  A two-headed ogre simulacrum (Lair:4)
  6 scorpions
  3 wights (D:6)
  9 killer bees
  5 electric eels
  A howler monkey (D:7)
  A hound (D:5)
  A bombardier beetle (D:5)
  7 orc priests
  A jelly (D:5)
  A sleepcap (D:4)
  2 iguanas (D:5)
  14 orc wizards
  5 hell rats (Lair:3)
  2 troll simulacra (Lair:4)
  A wolf simulacrum (Lair:4)
  Robin (D:2)
  7 gnolls
  6 adders
  2 naga simulacra (Lair:4)
  2 river rats (D:3)
  2 shadow imps (D:5)
  A white imp (D:6)
  4 ribbon worms
  50 orcs
  8 ball pythons
  9 bats
  7 endoplasms
  A giant cockroach (D:3)
  16 goblins
  23 hobgoblins
  14 jackals
  A quokka (D:4)
  2 frilled lizards
  26 kobolds
  4 rats
748 creatures vanquished.

Vanquished Creatures (collateral kills)
  A naga ritualist (Snake:2)
  A warg (Orc:1)
  2 nagas (Snake:2)
  2 orc warriors (Orc:1)
  An ogre (Orc:1)
  2 orc priests (Orc:1)
  2 orc wizards (Orc:1)
  2 orcs (Orc:1)
13 creatures vanquished.

Vanquished Creatures (others)
  A butterfly (D:9)
1 creature vanquished.

Grand Total: 762 creatures vanquished

Notes
Turn   | Place    | Note
-------+----------+-------------------------------------------
     0 | D:1      | Mgcat the Felid Berserker began the quest for the Orb.
     0 | D:1      | Reached XP level 1. HP: 12/12 MP: 2/2
   201 | D:1      | Reached XP level 2. HP: 16/16 MP: 3/3
   261 | D:1      | Reached skill level 1 in Stealth
   305 | D:1      | Found Miamaoq's Armour Emporium.
  1026 | D:2      | Reached XP level 3. HP: 20/20 MP: 4/4
  1296 | D:2      | Upgraded the game from 0.32-a0-900-g30fb1b0edc to
                  | 0.32-a0-913-g739538afd8
  1307 | D:2      | Reached skill level 2 in Stealth
  1481 | D:2      | Noticed Robin
  1485 | D:2      | Reached XP level 4. HP: 24/24 MP: 5/5
  1485 | D:2      | Gained a life (2 lives remaining)
  1494 | D:2      | Killed Robin
  1495 | D:2      | Reached skill level 4 in Unarmed Combat
  1848 | D:2      | Reached ** piety under Trog
  2194 | D:3      | Found a glowing drain.
  2226 | D:3      | HP: 6/25 [constriction (2)]
  2233 | Sewer    | Entered a sewer
  2414 | Sewer    | Reached XP level 5. HP: 28/28 MP: 6/6
  2479 | Sewer    | Noticed a crocodile
  2488 | Sewer    | Killed a crocodile
  2489 | Sewer    | Reached skill level 5 in Dodging
  2489 | Sewer    | Reached skill level 3 in Stealth
  2887 | D:3      | Found a faded altar of an unknown god.
  3154 | D:4      | Reached skill level 4 in Fighting
  3258 | D:4      | Noticed Grinder
  3268 | D:4      | Noticed Menkaure
  3297 | D:4      | Killed Menkaure
  3298 | D:4      | Reached skill level 4 in Stealth
  3298 | D:4      | Reached skill level 5 in Unarmed Combat
  3298 | D:4      | Gained mutation: You are covered in thick fur. (AC +2)
                  | [Felid growth]
  3298 | D:4      | Reached XP level 6. HP: 22/33 MP: 7/7
  3718 | D:4      | Found a staircase to the Ecumenical Temple.
  3731 | D:4      | Found a shimmering blue altar of Sif Muna.
  3923 | D:4      | Reached XP level 7. HP: 38/38 MP: 8/8
  4042 | D:4      | Reached skill level 6 in Unarmed Combat
  4559 | D:5      | Entered Level 5 of the Dungeon
  4619 | D:5      | Reached skill level 5 in Fighting
  4800 | D:5      | Reached skill level 7 in Unarmed Combat
  4868 | D:5      | Found a glowing silver altar of Zin.
  4994 | D:5      | Reached XP level 8. HP: 35/44 MP: 9/9
  5155 | D:5      | You fall into a shaft and drop 1 floor!
  5337 | D:5      | Found a burning altar of Makhleb.
  5679 | D:6      | Reached skill level 6 in Fighting
  5679 | D:6      | Reached skill level 8 in Unarmed Combat
  5886 | D:6      | Noticed a +0 dagger
  5887 | D:6      | Noticed a +0 dagger
  5896 | D:6      | Found a hide-covered altar of Uskayaw.
  5912 | D:6      | Noticed Sigmund
  5924 | D:6      | Killed Sigmund
  6343 | D:7      | Reached skill level 9 in Unarmed Combat
  6646 | D:7      | Found a glowing golden altar of the Shining One.
  6790 | D:8      | Reached skill level 7 in Fighting
  6790 | D:8      | Reached XP level 9. HP: 50/50 MP: 10/10
  7186 | D:8      | Found a bloodstained altar of Trog.
  7280 | D:8      | Reached skill level 10 in Unarmed Combat
  7490 | D:8      | Found an ornate altar of the Wu Jian Council.
  7602 | D:8      | Reached *** piety under Trog
  7629 | D:8      | Reached skill level 8 in Fighting
  7638 | D:8      | Noticed a three-headed hydra
  7644 | D:8      | Killed a three-headed hydra
  7645 | D:8      | Reached skill level 11 in Unarmed Combat
  7712 | D:9      | Reached XP level 10. HP: 57/57 MP: 11/11
  7761 | D:9      | Found Wantimmy's Antique Weapon Emporium.
  7916 | D:9      | Found a white marble altar of Elyvilon.
  7988 | D:9      | Reached skill level 6 in Dodging
  8006 | D:9      | Noticed Pikel
  8176 | D:9      | Reached skill level 5 in Stealth
  8177 | D:9      | Reached skill level 12 in Unarmed Combat
  8250 | D:9      | Found a staircase to the Lair.
  8254 | D:9      | Reached skill level 9 in Fighting
  8561 | D:9      | Found an iron altar of Okawaru.
  8627 | D:9      | Noticed Erolcha
  8627 | D:9      | Noticed Grum
  8667 | D:9      | Found a snail-covered altar of Cheibriados.
  8672 | D:9      | Reached skill level 6 in Stealth
  8720 | D:9      | Reached skill level 7 in Dodging
  8820 | D:10     | Entered Level 10 of the Dungeon
  8889 | D:10     | Noticed a two-headed ogre
  8896 | D:10     | Killed a two-headed ogre
  8963 | D:10     | Found a shimmering altar of Xom.
  9112 | D:10     | Noticed a two-headed ogre
  9166 | D:10     | Found a sacrificial altar of Ru.
  9203 | D:10     | Killed a two-headed ogre
  9204 | D:10     | Reached skill level 7 in Stealth
  9276 | D:10     | Reached XP level 11. HP: 62/62 MP: 12/12
  9298 | D:10     | Reached skill level 13 in Unarmed Combat
  9368 | D:10     | Noticed a two-headed ogre
  9377 | D:10     | Killed a two-headed ogre
  9378 | D:10     | Reached skill level 8 in Dodging
  9504 | D:10     | Found a sparkling altar of Nemelex Xobeh.
  9626 | D:10     | Noticed a two-headed ogre
  9632 | D:10     | Killed a two-headed ogre
  9701 | D:10     | Found a radiant altar of Vehumet.
 10082 | D:11     | Found Tablywyl's Armour Shop.
 10198 | D:11     | Reached skill level 8 in Stealth
 10247 | D:11     | Noticed a two-headed ogre
 10328 | D:11     | Killed a two-headed ogre
 10496 | D:11     | Found a staircase to the Orcish Mines.
 10564 | D:11     | Noticed a red ugly thing
 10566 | D:11     | Reached skill level 10 in Fighting
 10578 | D:11     | Noticed a two-headed ogre
 10582 | D:11     | Killed a red ugly thing
 10583 | D:11     | Reached skill level 9 in Dodging
 10587 | D:11     | Killed a two-headed ogre
 10724 | D:11     | Reached skill level 9 in Stealth
 11008 | D:9      | Killed Pikel
 11009 | D:9      | Reached skill level 14 in Unarmed Combat
 11050 | Lair:1   | Entered Level 1 of the Lair of Beasts
 11096 | Lair:1   | Noticed a death yak
 11096 | Lair:1   | Noticed a death yak
 11096 | Lair:1   | Noticed a death yak
 11096 | Lair:1   | Noticed a death yak
 11130 | Lair:1   | Killed a death yak
 11296 | Lair:1   | Gained mutation: Your thick and shaggy fur keeps you warm.
                  | (AC +3, rC+) [Felid growth]
 11296 | Lair:1   | Reached XP level 12. HP: 68/68 MP: 13/13
 11560 | Lair:1   | Reached skill level 10 in Dodging
 11735 | Lair:1   | Reached skill level 10 in Stealth
 11768 | Lair:1   | Noticed a death yak
 11778 | Lair:1   | Killed a death yak
 11783 | Lair:1   | Killed a death yak
 11790 | Lair:1   | Killed a death yak
 11800 | Lair:1   | Killed a death yak
 12254 | Lair:2   | Reached skill level 11 in Fighting
 12501 | Lair:2   | Reached skill level 15 in Unarmed Combat
 12529 | Lair:2   | Noticed an eight-headed hydra
 12551 | Lair:2   | HP: 12/70 [eight-headed hydra (13)]
 12551 | Lair:2   | HP: 5/70 [eight-headed hydra (7)]
 12588 | Lair:2   | Reached skill level 11 in Dodging
 12588 | Lair:2   | Reached skill level 11 in Stealth
 12727 | Lair:2   | Found a staircase to the Swamp.
 12756 | Lair:2   | Killed an eight-headed hydra
 13064 | Lair:2   | HP: 26/105 [poisoned by a naga (splash of poison)]
 13069 | Lair:2   | HP: 14/70 [poisoned by a naga (splash of poison)]
 13215 | Lair:2   | Found a staircase to the Snake Pit.
 13288 | Lair:2   | Noticed a death yak
 13295 | Lair:2   | Killed a death yak
 13301 | Lair:2   | Reached XP level 13. HP: 66/74 MP: 14/14
 13692 | Lair:2   | Reached skill level 12 in Stealth
 13921 | Lair:3   | Reached skill level 12 in Dodging
 13921 | Lair:3   | Reached skill level 16 in Unarmed Combat
 14146 | Lair:3   | Reached **** piety under Trog
 14320 | Lair:3   | Reached skill level 12 in Fighting
 14679 | Lair:3   | Reached skill level 1 in Evocations
 14878 | Lair:3   | Found a runed translucent door.
 15103 | Lair:3   | Reached skill level 13 in Stealth
 15175 | Lair:3   | Reached skill level 2 in Evocations
 15751 | Lair:4   | Reached skill level 13 in Dodging
 15751 | Lair:4   | Reached XP level 14. HP: 74/81 MP: 15/15
 15782 | Lair:4   | Reached skill level 3 in Evocations
 15788 | Lair:4   | HP: 17/81 [two-headed ogre simulacrum (13)]
 16000 | Lair:4   | Reached skill level 17 in Unarmed Combat
 16831 | Lair:5   | Entered Level 5 of the Lair of Beasts
 17335 | Lair:5   | Reached skill level 4 in Evocations
 17772 | Lair:5   | Reached skill level 14 in Stealth
 17963 | Lair:5   | HP: 17/81 [elephant (15)]
 18027 | Lair:5   | Paralysed by a hornet for 3 turns
 18036 | Lair:5   | HP: 30/121 [poisoned by a hornet]
 18041 | Lair:5   | HP: 26/121 [poisoned by a hornet]
 18166 | Lair:5   | HP: 30/121 [poisoned by a hornet]
 18171 | Lair:5   | HP: 24/121 [poisoned by a hornet]
 18176 | Lair:5   | HP: 14/81 [poisoned by a hornet]
 18442 | Lair:5   | Reached skill level 13 in Fighting
 18442 | Lair:5   | Reached skill level 5 in Evocations
 18799 | Lair:5   | Paralysed by a hornet for 2 turns
 18951 | Lair:5   | Reached skill level 14 in Dodging
 19151 | Lair:5   | Found a staircase to the Slime Pits.
 19151 | Lair:5   | Found a viscous altar of Jiyva.
 19477 | Orc:1    | Entered Level 1 of the Orcish Mines
 19729 | Orc:2    | Entered Level 2 of the Orcish Mines
 20032 | Orc:2    | Found a staircase to the Elven Halls.
 20344 | Orc:1    | HP: 20/82 [orc warrior/+0 trident (11)]
 20640 | Orc:2    | Reached ***** piety under Trog
 20652 | Orc:2    | Reached skill level 18 in Unarmed Combat
 20652 | Orc:2    | Reached XP level 15. HP: 86/86 MP: 16/16
 21059 | Orc:2    | Reached skill level 6 in Evocations
 21290 | Orc:2    | Found Vupeg's Jewellery Emporium.
 21290 | Orc:2    | Found Ymeo's Book Shop.
 21292 | Orc:2    | Found Vomilotz's Antique Weapon Boutique.
 21294 | Orc:2    | Found Lufoheni's Armour Shoppe.
 21308 | Orc:2    | Bought the amulet of Xepecsin {rElec Regen+ rCorr MP+9
                  | Dex+2} for 799 gold pieces
 22045 | D:12     | Noticed Maurice
 22060 | D:12     | Killed Maurice
 22383 | D:12     | Reached skill level 15 in Stealth
 22391 | D:12     | HP: 18/129 [death knight/+1 battleaxe (25)]
 22905 | D:13     | Noticed Nessos
 22936 | D:13     | Killed Nessos
 23528 | D:14     | Found a gate to the Vaults.
 23915 | D:14     | Reached skill level 7 in Evocations
 24205 | D:15     | Entered Level 15 of the Dungeon
 24231 | D:14     | Reached skill level 15 in Dodging
 24454 | D:15     | Found a staircase to the Depths.
 24886 | D:15     | Noticed Azrael
 25458 | Snake:1  | Entered Level 1 of the Snake Pit
 25481 | Lair:2   | HP: 12/87 [black mamba (15)]
 25737 | Lair:2   | Reached skill level 14 in Fighting
 25746 | Lair:2   | Reached skill level 19 in Unarmed Combat
 26002 | Lair:2   | HP: 33/132 [constriction (4)]
 26007 | Lair:2   | HP: 19/88 [poisoned by naga mage (concentrated venom)]
 26067 | Snake:1  | Reached skill level 16 in Stealth
 26067 | Snake:1  | Reached XP level 16. HP: 93/93 MP: 17/17
 26419 | Snake:1  | Found a runed translucent door.
 26441 | Snake:1  | Reached skill level 8 in Evocations
 26872 | Snake:1  | HP: 22/93 [mana viper[a naga ritualist] (19)]
 26873 | Snake:1  | Slain by a salamander
 26873 | Snake:1  | Lost a life (1 life remaining)
 27477 | Snake:2  | Found a huge runed translucent gate.
 27479 | Snake:2  | Found a huge runed translucent gate.
 27479 | Snake:2  | Found a huge runed translucent gate.
 27480 | Snake:2  | Found a huge runed translucent gate.
 27493 | Snake:2  | Found a huge runed translucent gate.
 27573 | Snake:2  | Found Uconaf's Book Emporium.
 28046 | Snake:2  | HP: 20/93 [poisoned by a naga ritualist (toxic radiance)]
 28047 | Snake:2  | HP: 8/93 [poisoned by a naga ritualist (toxic radiance)]
 28047 | Snake:2  | HP: 2/93 [naga ritualist/Olgreb's Toxic Radiance (6)]
 28047 | Snake:2  | Killed from afar by a naga ritualist
 28047 | Snake:2  | Lost a life (0 lives remaining)
 28076 | Snake:2  | HP: 14/93 [constriction (10)]
 28077 | Snake:2  | Slain by a guardian serpent

Illustrated notes

Levels and vault maps discovered:
D:1:      minmay_arrival_doors, layout_loops_ring, serial_shops, shop,
          minmay_misc_feat_ornament
D:2:      layout_rooms, uniq_robin
D:3:      layout_basic, dreamdust_ecumenical_altar_hidden_monk_grotto,
          cheibrodos_sewer_entry_sluice, minmay_pentomino_pile
D:4:      layout_gridville, mainiacjoe_overflow_small_starburst,
          minmay_temple_entry_glass, minmay_goblin_outpost, uniq_grinder,
          uniq_menkaure
D:5:      layout_loops_cross, marbit_many_paths, lemuel_doored_altar
D:6:      layout_cave_pools, dancing_weapons_uskayaw, eino_tiny_chamber,
          uniq_sigmund
D:7:      layout_basic, mainiacjoe_overflow_alcove_2
D:8:      layout_cave_pools, trog_three_pillars_becter,
          pdpol_wu_jian_five_deadly_venoms, hangedman_ranch
D:9:      layout_roguey, cheibrodos_worm_habitat,
          nicolae_elyvilon_peaceful_grove, kennysheep_okawaru_gauntlet,
          grunt_lair_entry_orc_guard_hut, serial_shops, nicolae_shop_trees,
          kennysheep_dice, uniq_erolcha, uniq_pikel, uniq_psyche, uniq_grum
D:10:     layout_loops_corners, vehumet_altar_wand_db,
          nemelex_diamond_rough_becter,
          chequers_temple_overflow_statue_of_worship
D:11:     layout_small_grid, orc_david_3
D:12:     minmay_expanding_squares, layout_long_grid, serial_glass,
          glass_columns_a, glass_columns_a, glass_columns_a, glass_columns_b,
          glass_columns_a, glass_columns_b, glass_columns_a, glass_columns_a,
          glass_columns_b, glass_columns_a, uniq_maurice
D:13:     layout_rooms, uniq_nessos
D:14:     nzn_winding_woodlands_huge [nzn_winding_woodlands_5x15_pool,
          nzn_winding_woodlands_5x15_pathside_ponds,
          nzn_winding_woodlands_5x15_river_crossing,
          nzn_winding_woodlands_5x15_concentric,
          nzn_winding_woodlands_5x15_split_checker,
          nzn_winding_woodlands_5x15_crooked, nzn_winding_woodlands_5x15_zeroes,
          nzn_winding_woodlands_5x15_eye, nzn_winding_woodlands_5x15_cabin,
          nzn_winding_woodlands_5x15_lazy_stream,
          nzn_winding_woodlands_center_triple_pond,
          nzn_winding_woodlands_center_lodge,
          nzn_winding_woodlands_15x15_five_gardens], layout_basic,
          chequers_big_river
D:15:     hangedman_depths_entry_civil_slaughter, layout_cave_pods, uniq_azrael
Lair:1:   layout_chaotic_city, st_stairs_12, chequers_serial_rivers_micro_e,
          lemuel_fruit_tree
Lair:2:   layout_small_grid, skrybe_swamp_entry_bodies,
          alex1729_snake_entry_snake, chequers_serial_rivers_marsh,
          nicolae_lair_grove_arrangements, hangedman_lair_generics_rect,
          infiniplex_staircase_pool
Lair:3:   gammafunk_lair_enchanted_lake, layout_loops_ring, grunt_megastairs_2
Lair:4:   dreamdust_isle_of_ice, layout_regular_city, minivault_24,
          minivault_23, grunt_megastairs_3
Lair:5:   hangedman_lair_tendril_chambers, layout_long_grid, wormcave,
          slime_entry_1, worms_lemuel, lemuel_fruit_fields
Snake:1:  cheibrodos_toxic_ritual, layout_basic, evilmike_ambush
          [evilmike_ambush_outer_pillars, evilmike_ambush_inner_wall_1]
Snake:2:  layout_layer_cave, hangedman_venom_bottle, minmay_shop_star
Orc:1:    layout_caves
Orc:2:    st_orc_rangers, layout_caves

Skill      XL: |  1  2  3  4  5  6  7  8  9 10 11 12 13 14 15 16 |
---------------+-------------------------------------------------+-----
Stealth        | 1 2 4 7 9 11 13 14 16 | 16.4
Unarmed Combat | 4 5 7 9 11 12 14 15 16 18 19 | 19.5
Dodging        | 5 7 9 11 13 14 15 | 15.9
Fighting       | 4 5 7 8 9 10 11 12 13 14 | 14.3
Evocations     | 2 5 7 8 |  8.6

Action                     |  1- 3 |  4- 6 |  7- 9 | 10-12 | 13-15 | 16-18 || total
---------------------------+-------+-------+-------+-------+-------+-------++-------
  Melee: Unarmed           |   104 |   172 |   227 |   439 |  1254 |   195 ||  2391
         Bite              |     7 |    17 |    28 |    61 |   172 |    23 ||   308
         Punch             |     1 |     4 |    12 |    47 |   142 |    21 ||   227
 Invoke: Berserk           |     9 |     8 |    12 |    30 |    56 |     7 ||   122
         Trog's Hand       |       |     2 |     5 |     5 |     6 |     2 ||    20
         Brothers in Arms  |       |       |       |       |       |     1 ||     1
  Evoke: Lightning rod     |       |       |       |     5 |     1 |     2 ||     8
         Condenser vane    |       |       |       |       |     1 |       ||     1
         Wand              |       |       |       |       |     2 |     3 ||     5
    Use: Scroll            |       |    17 |     2 |     5 |    14 |       ||    38
         Potion            |       |       |       |     1 |     9 |     1 ||    11
   Stab: Sleeping          |     2 |     5 |     8 |    13 |    30 |     9 ||    67
         Distracted        |       |       |       |     3 |     6 |       ||     9
         Petrified         |       |       |       |       |     2 |       ||     2
         Petrifying        |       |       |       |       |     1 |       ||     1
 Armour: Skin              |    26 |    46 |    87 |   155 |   344 |    46 ||   704
  Dodge: Dodged            |    78 |   147 |   148 |   359 |  1366 |   233 ||  2331

Table legend: (Time is in decaauts)
 A = Elapsed time spent in this place.
 B = Non-inter-level travel time spent in this place.
 C = Inter-level travel time spent in this place.
 D = Time resting spent in this place.
 E = Time spent auto-exploring this place.
 F = Levels seen in this place.
 G = Mean time per level.
                   A        B        C        D        E       F      G
               +--------+--------+--------+--------+--------+-----+--------+
         Total |  28692 |  27410 |   1282 |   7649 |  13964 |  25 | 1147.7 |
       Dungeon |  14941 |  14214 |    727 |   3081 |   8277 |  15 |  996.1 |
          Lair |   9278 |   8828 |    450 |   3304 |   3485 |   5 | 1855.6 |
     Snake Pit |   2014 |   1990 |     24 |    293 |   1277 |   2 | 1007.0 |
  Orcish Mines |   2079 |   1999 |     80 |    749 |    830 |   2 | 1039.5 |
         Sewer |    379 |    379 |      0 |    220 |     93 |   1 |  379.0 |
               +--------+--------+--------+--------+--------+-----+--------+

Top non-repeatable levels by time:
  Lair:5: 2326 daAuts
  Lair:2: 2237 daAuts
  Lair:4: 1840 daAuts
  Lair:3: 1532 daAuts
    D:10: 1516 daAuts
     D:4: 1459 daAuts
 Snake:1: 1384 daAuts
  Lair:1: 1341 daAuts
    D:12: 1340 daAuts
     D:9: 1334 daAuts
     D:1: 1172 daAuts
   Orc:2: 1061 daAuts
   Orc:1: 1017 daAuts
     D:5: 970 daAuts
    D:15: 930 daAuts

Levels and vault maps discovered:
D:1:      minmay_arrival_doors, layout_loops_ring, serial_shops, shop,
          minmay_misc_feat_ornament
D:2:      layout_rooms, uniq_robin
D:3:      layout_basic, dreamdust_ecumenical_altar_hidden_monk_grotto,
          cheibrodos_sewer_entry_sluice, minmay_pentomino_pile
D:4:      layout_gridville, mainiacjoe_overflow_small_starburst,
          minmay_temple_entry_glass, minmay_goblin_outpost, uniq_grinder,
          uniq_menkaure
D:5:      layout_loops_cross, marbit_many_paths, lemuel_doored_altar
D:6:      layout_cave_pools, dancing_weapons_uskayaw, eino_tiny_chamber,
          uniq_sigmund
D:7:      layout_basic, mainiacjoe_overflow_alcove_2
D:8:      layout_cave_pools, trog_three_pillars_becter,
          pdpol_wu_jian_five_deadly_venoms, hangedman_ranch
D:9:      layout_roguey, cheibrodos_worm_habitat,
          nicolae_elyvilon_peaceful_grove, kennysheep_okawaru_gauntlet,
          grunt_lair_entry_orc_guard_hut, serial_shops, nicolae_shop_trees,
          kennysheep_dice, uniq_erolcha, uniq_pikel, uniq_psyche, uniq_grum
D:10:     layout_loops_corners, vehumet_altar_wand_db,
          nemelex_diamond_rough_becter,
          chequers_temple_overflow_statue_of_worship
D:11:     layout_small_grid, orc_david_3
D:12:     minmay_expanding_squares, layout_long_grid, serial_glass,
          glass_columns_a, glass_columns_a, glass_columns_a, glass_columns_b,
          glass_columns_a, glass_columns_b, glass_columns_a, glass_columns_a,
          glass_columns_b, glass_columns_a, uniq_maurice
D:13:     layout_rooms, uniq_nessos
D:14:     nzn_winding_woodlands_huge [nzn_winding_woodlands_5x15_pool,
          nzn_winding_woodlands_5x15_pathside_ponds,
          nzn_winding_woodlands_5x15_river_crossing,
          nzn_winding_woodlands_5x15_concentric,
          nzn_winding_woodlands_5x15_split_checker,
          nzn_winding_woodlands_5x15_crooked, nzn_winding_woodlands_5x15_zeroes,
          nzn_winding_woodlands_5x15_eye, nzn_winding_woodlands_5x15_cabin,
          nzn_winding_woodlands_5x15_lazy_stream,
          nzn_winding_woodlands_center_triple_pond,
          nzn_winding_woodlands_center_lodge,
          nzn_winding_woodlands_15x15_five_gardens], layout_basic,
          chequers_big_river
D:15:     hangedman_depths_entry_civil_slaughter, layout_cave_pods, uniq_azrael
Lair:1:   layout_chaotic_city, st_stairs_12, chequers_serial_rivers_micro_e,
          lemuel_fruit_tree
Lair:2:   layout_small_grid, skrybe_swamp_entry_bodies,
          alex1729_snake_entry_snake, chequers_serial_rivers_marsh,
          nicolae_lair_grove_arrangements, hangedman_lair_generics_rect,
          infiniplex_staircase_pool
Lair:3:   gammafunk_lair_enchanted_lake, layout_loops_ring, grunt_megastairs_2
Lair:4:   dreamdust_isle_of_ice, layout_regular_city, minivault_24,
          minivault_23, grunt_megastairs_3
Lair:5:   hangedman_lair_tendril_chambers, layout_long_grid, wormcave,
          slime_entry_1, worms_lemuel, lemuel_fruit_fields
Snake:1:  cheibrodos_toxic_ritual, layout_basic, evilmike_ambush
          [evilmike_ambush_outer_pillars, evilmike_ambush_inner_wall_1]
Snake:2:  layout_layer_cave, hangedman_venom_bottle, minmay_shop_star
Orc:1:    layout_caves
Orc:2:    st_orc_rangers, layout_caves

Table legend: (Time is in decaauts)
 A = Elapsed time spent in this place.
 B = Non-inter-level travel time spent in this place.
 C = Inter-level travel time spent in this place.
 D = Time resting spent in this place.
 E = Time spent auto-exploring this place.
 F = Levels seen in this place.
 G = Mean time per level.
                   A        B        C        D        E       F      G
               +--------+--------+--------+--------+--------+-----+--------+
         Total |  28692 |  27410 |   1282 |   7649 |  13964 |  25 | 1147.7 |
       Dungeon |  14941 |  14214 |    727 |   3081 |   8277 |  15 |  996.1 |
          Lair |   9278 |   8828 |    450 |   3304 |   3485 |   5 | 1855.6 |
     Snake Pit |   2014 |   1990 |     24 |    293 |   1277 |   2 | 1007.0 |
  Orcish Mines |   2079 |   1999 |     80 |    749 |    830 |   2 | 1039.5 |
         Sewer |    379 |    379 |      0 |    220 |     93 |   1 |  379.0 |
               +--------+--------+--------+--------+--------+-----+--------+

Top non-repeatable levels by time:
  Lair:5: 2326 daAuts
  Lair:2: 2237 daAuts
  Lair:4: 1840 daAuts
  Lair:3: 1532 daAuts
    D:10: 1516 daAuts
     D:4: 1459 daAuts
 Snake:1: 1384 daAuts
  Lair:1: 1341 daAuts
    D:12: 1340 daAuts
     D:9: 1334 daAuts
     D:1: 1172 daAuts
   Orc:2: 1061 daAuts
   Orc:1: 1017 daAuts
     D:5: 970 daAuts
    D:15: 930 daAuts

Table legend:
 A = Kills in this place as a percentage of kills in the entire game.
 B = Kills by you in this place as a percentage of kills by you in the entire game.
 C = Kills by friends in this place as a percentage of kills by friends in the entire game.
 D = Other kills in this place as a percentage of other kills in the entire game.
 E = Experience gained in this place as a percentage of experience gained in the entire game.
 F = Experience gained in this place divided by the number of levels of this place that you have seen.
                   A       B       C       D       E      F
               +-------+-------+-------+-------+-------+----------------------
         Total | 100.0 | 100.0 | 100.0 |   N/A | 100.0 | 7096.8
       Dungeon |  44.5 |  45.3 |   0.0 |   N/A |  31.9 | 3768.3
          Lair |  35.5 |  36.2 |   0.0 |   N/A |  49.0 | 17400.2
     Snake Pit |   7.1 |   6.9 |  23.1 |   N/A |  13.6 | 12050.0
  Orcish Mines |  11.8 |  10.6 |  76.9 |   N/A |   5.4 | 4832.0
         Sewer |   1.1 |   1.1 |   0.0 |   N/A |   0.1 | 130.0
               +-------+-------+-------+-------+-------+----------------------
